 Dungeon Crawl Stone Soup version 0.31.0-11-ge490571c62 (webtiles) character file.

Game seed: 17123648162186762175

2116 Ashen the Cutter (level 9, -1/74 HPs)
             Began as a Gnoll Chaos Knight on Feb 5, 2024.
             Was a Plaything of Xom.
             Slain by a gnoll
             ... wielding a +0 spear
              (7 damage)
             ... on level 6 of the Dungeon.
             The game lasted 00:11:29 (5542 turns).

Ashen the Cutter (Gnoll Chaos Knight)               Turns: 5542, Time: 00:11:29

Health: -1/74      AC:  5    Str: 11    XL:     9   Next: 29%
Magic:  15/15      EV: 13    Int: 15    God:    Xom [......]
Gold:   243        SH:  5    Dex: 13    Spells: 16/16 levels left

rFire   . . .        a - +0 short sword (chaos)
rCold   + . .        s - +0 buckler
rNeg    . . .        B - +2 robe {Will+}
rPois   .            g - +0 helmet
rElec   .            (no cloak)
rCorr   .            (no gloves)
SInv    .            (no boots)
Will    ++...        (no amulet)
Stlth   +++          w - ring of willpower
HPRegen 0.32/turn    e - ring of flight
MPRegen 0.14/turn

%: clarity
@: flying
A: fangs 1, strong nose, distributed training, clarity, clever 1, clumsy 1, cold
resistance 1, teleportitis 1, subdued magic 1
a: Renounce Religion


You were on level 6 of the Dungeon.
You worshipped Xom.
You were a very special plaything of Xom.
You visited 1 branch of the dungeon, and saw 6 of its levels.

You collected 243 gold pieces.

Inventory:

Hand Weapons
 a - a +0 short sword of chaos (weapon)
 k - a +2 dagger of flaming
Armour
 b - a +2 leather armour
 g - a +0 helmet (worn)
 s - a +0 buckler (worn)
 B - a +2 robe of willpower (worn)
Jewellery
 e - a ring of flight (right hand)
 h - an amulet of reflection
 m - a +6 ring of intelligence
 w - a ring of willpower (left hand)
 y - the ring "Ham Naso" {rPois rC+ Str+3}
   (You found it on level 3 of the Dungeon)

   [ring of protection from cold]

   Str+3:     It affects your strength (+3).
   rC+:       It protects you from cold.
   rPois:     It protects you from poison
Wands
 r - a wand of digging (3)
 x - a wand of polymorph (8)
Scrolls
 c - a scroll of butterflies
 j - a scroll of enchant armour {unknown}
 o - a scroll of blinking {unknown}
 q - 2 scrolls of torment {unknown}
 t - 4 scrolls of identify {unknown}
 z - a scroll of teleportation {unknown}
 A - a scroll of immolation {unknown}
 C - a scroll of amnesia {unknown}
 D - a scroll of vulnerability {unknown}
 E - a scroll of revelation {unknown}
 F - 2 scrolls of fog {unknown}
Potions
 d - 3 potions of curing {unknown}
 f - 2 potions of magic {unknown}
 i - a potion of brilliance {unknown}
 l - 2 potions of might {unknown}
 n - 3 potions of mutation {unknown}
 p - a potion of heal wounds {unknown}
 u - a potion of haste {unknown}
 v - a potion of degeneration {unknown}


   Skills:
 + Level 7.9 Fighting
 + Level 7.9 Short Blades
 + Level 4.2 Long Blades
 + Level 4.2 Axes
 + Level 4.2 Maces & Flails
 + Level 4.2 Polearms
 + Level 4.2 Staves
 + Level 4.2 Ranged Weapons
 + Level 4.2 Throwing
 + Level 6.3 Armour
 + Level 5.0 Dodging
 + Level 4.2 Stealth
 + Level 4.2 Shields
 + Level 4.2 Unarmed Combat
 + Level 4.2 Spellcasting
 + Level 3.5 Conjurations
 + Level 3.5 Hexes
 + Level 3.5 Summonings
 + Level 3.5 Necromancy
 + Level 3.5 Translocations
 + Level 3.5 Fire Magic
 + Level 3.5 Ice Magic
 + Level 3.5 Air Magic
 + Level 3.5 Earth Magic
 + Level 3.5 Alchemy
 + Level 4.7 Invocations
 + Level 4.2 Evocations
 + Level 3.8 Shapeshifting


You had 16 spell levels left.
You didn't know any spells.
Your spell library contained the following spells:

 Spells                   Type           Power      Damage    Failure   Level
 Magic Dart               Conj           40%        1d5       4%          1
 Summon Small Mammal      Summ           40%        N/A       4%          1
 Searing Ray              Conj           20%        2d5       7%          2
 Call Canine Familiar     Summ           10%        N/A       14%         3
 Fulminant Prism          Conj/Alch      5%         3d7       45%         4
 Summon Blazeheart Golem  Fire/Summ      10%        N/A       45%         4


Dungeon Overview and Level Annotations

Branches:
Dungeon (6/15)             Temple (0/1) D:5

Altars:
Cheibriados
Kikubaaqudgha
Qazlal
Yredelemnul

Shops:
D:2 [

Annotations:
D:4 Edmund
D:6 Pikel


Innate Abilities, Weirdness & Mutations

You have very sharp teeth.
Your uncanny sense of smell can sniff out nearby items.
Your experience applies equally to all skills.
You possess an exceptional clarity of mind.
Your mind is acute. (Int +4, Str/Dex -1)
You are clumsy. (Dex -2)
Your flesh is cold resistant. (rC+)
You are occasionally teleported next to monsters.
Your spells are a little easier to cast, but a little less powerful.


Message History

* * * LOW HITPOINT WARNING * * *
The orc hits you but does no damage. The gnoll closely misses you.
You hit the orc but do no damage. You closely miss the orc.
The orc is almost dead.
The orc misses you. The orc hits you with a +0 hand axe.
* * * LOW HITPOINT WARNING * * *
The gnoll barely misses you.
You hit the orc but do no damage.
The orc is almost dead.
You hit the orc but do no damage. You drain the orc.
You kill the orc!
The orc hits you with a +0 short sword.
* * * LOW HITPOINT WARNING * * *
You block the gnoll's attack.
You barely miss the orc. You bite the orc, but do no damage.
The orc hits you with a +0 short sword.
* * * LOW HITPOINT WARNING * * *
The gnoll closely misses you.
You barely miss the orc. You hit the orc.
The orc is poisoned.
Your bite misses the orc.
The orc is almost dead.
The orc barely misses you.
The gnoll hits you from afar with a +0 spear!
* * * LOW HITPOINT WARNING * * *
You emit a cloud of colourful smoke!
You hit the orc. You freeze the orc.
You kill the orc!
The gnoll barely misses you. The gnoll attacks as it pursues you!
The gnoll closely misses you.
Xom makes a sudden noise!
You hear a roar!
You see here an adder corpse.
The stone staircase leading up slides away as you move over it!
You can't go up here!
The stone staircase leading up slides away as you move over it!
The gnoll hits you but does no damage. The gnoll attacks as it pursues you!
The gnoll hits you from afar with a +0 spear!
You die...
Xom titters!

#..##..######
#.####.###
.#......Y....# #.#
#.# .............#
#<# #.#
#######.###..# #.# .#
#.# #..# ###†####.#
#.###Y.#####.....)>.#
#.....g......#.######
#####.†#######.#
#.@........#
#.########## #.# #..
###


You could see an ice beast and a gnoll.

Vanquished Creatures
  Jeremiah (D:6)
  2 sky beasts
  A centaur (D:6)
  An ogre (D:4)
  2 phantoms (D:6)
  A kobold brigand (D:6)
  Blork the orc (D:6)
  A bullfrog (D:6)
  2 scorpions
  A vampire bat (D:3)
  A bombardier beetle (D:3)
  A hound (D:6)
  A jelly (D:6)
  2 orc priests
  Natasha (thrice) (D:3)
  3 orc wizards
  A sleepcap (D:4)
  3 iguanas
  A hound zombie (D:3)
  Robin (D:4)
  7 adders
  4 gnolls (D:5)
  A river rat (D:6)
  3 dart slugs
  7 ribbon worms
  8 orcs
  4 ball pythons
  4 bats
  A bat skeleton (D:3)
  6 bat zombies (D:3)
  6 endoplasms
  5 giant cockroaches (D:2)
  10 goblins
  10 hobgoblins
  11 jackals
  A quokka (D:1)
  4 frilled lizards
  A jackal zombie (D:3)
  12 kobolds
  A quokka zombie (D:3)
  6 rats
142 creatures vanquished.

Vanquished Creatures (collateral kills)
  Duvessa (D:4)
  A scorpion (D:5)
  Dowan (D:4)
  A bombardier beetle (D:5)
  2 orc wizards (D:5)
  A hound zombie (D:3)
  5 orcs
12 creatures vanquished.

Grand Total: 154 creatures vanquished

Notes
Turn   | Place    | Note
-------+----------+-------------------------------------------
     0 | D:1      | Ashen the Gnoll Chaos Knight began the quest for the Orb.
     0 | D:1      | Reached XP level 1. HP: 23/23 MP: 1/1
   169 | D:1      | Reached XP level 2. HP: 29/29 MP: 2/2
   310 | D:1      | Found a faded altar of an unknown god.
   325 | D:1      | XOM: potion effect (curing)
   361 | D:1      | Reached XP level 3. HP: 35/35 MP: 3/3
   399 | D:1      | XOM: 2-stop teleportation journey
   516 | D:1      | XOM: 2-stop teleportation journey
   814 | D:1      | XOM: give mutation
   814 | D:1      | Gained mutation: Your mind is acute. (Int +4, Str/Dex -1)
                  | [Xom's grace]
   928 | D:2      | XOM: noise
   930 | D:2      | Reached skill level 1 in Invocations
   996 | D:2      | Reached skill level 1 in Long Blades
   996 | D:2      | Reached skill level 1 in Axes
   996 | D:2      | Reached skill level 1 in Maces & Flails
   996 | D:2      | Reached skill level 1 in Polearms
   996 | D:2      | Reached skill level 1 in Staves
   996 | D:2      | Reached skill level 1 in Ranged Weapons
   996 | D:2      | Reached skill level 1 in Throwing
   996 | D:2      | Reached skill level 1 in Stealth
   996 | D:2      | Reached skill level 1 in Shields
   996 | D:2      | Reached skill level 1 in Unarmed Combat
   996 | D:2      | Reached skill level 1 in Spellcasting
   996 | D:2      | Reached skill level 1 in Evocations
  1034 | D:2      | Reached skill level 1 in Shapeshifting
  1034 | D:2      | Reached XP level 4. HP: 37/41 MP: 5/5
  1068 | D:2      | Reached skill level 1 in Conjurations
  1068 | D:2      | Reached skill level 1 in Hexes
  1068 | D:2      | Reached skill level 1 in Summonings
  1068 | D:2      | Reached skill level 1 in Necromancy
  1068 | D:2      | Reached skill level 1 in Translocations
  1068 | D:2      | Reached skill level 1 in Fire Magic
  1068 | D:2      | Reached skill level 1 in Ice Magic
  1068 | D:2      | Reached skill level 1 in Air Magic
  1068 | D:2      | Reached skill level 1 in Earth Magic
  1068 | D:2      | Reached skill level 1 in Alchemy
  1168 | D:2      | XOM: silly message
  1258 | D:2      | XOM: confusion (+ monsters)
  1375 | D:2      | Found Joafor's Armour Shoppe.
  1802 | D:3      | Noticed Natasha
  1816 | D:3      | Killed Natasha
  1817 | D:3      | Reached XP level 5. HP: 33/47 MP: 7/7
  1848 | D:3      | Noticed Natasha
  1976 | D:3      | XOM: divination: detect items
  1987 | D:3      | Killed Natasha
  2041 | D:3      | Found a basalt altar of Yredelemnul.
  2069 | D:3      | XOM: summons friendly shadow imp
  2093 | D:3      | Reached XP level 6. HP: 19/53 MP: 8/8
  2340 | D:3      | Found a snail-covered altar of Cheibriados.
  2349 | D:3      | Reached skill level 5 in Armour
  2580 | D:3      | Noticed Natasha
  2585 | D:3      | XOM: silly message
  2587 | D:3      | Killed Natasha
  2636 | D:3      | Identified the ring "Ham Naso" {rPois rC+ Str+3}
  2664 | D:3      | Found an ancient bone altar of Kikubaaqudgha.
  2724 | D:3      | XOM: give mutations
  2724 | D:3      | Gained mutation: You possess an exceptional clarity of
                  | mind. [Xom's mischief]
  2724 | D:3      | Gained mutation: Your flesh is cold resistant. (rC+) [Xom's
                  | mischief]
  2724 | D:3      | Gained mutation: You are occasionally teleported next to
                  | monsters. [Xom's mischief]
  2787 | D:4      | Noticed a sky beast
  2801 | D:4      | Killed a sky beast
  2802 | D:4      | Reached XP level 7. HP: 52/60 MP: 10/10
  2854 | D:4      | Noticed Robin
  2872 | D:4      | XOM: blink monster(s)
  2875 | D:4      | Killed Robin
  3116 | D:4      | Noticed Duvessa
  3116 | D:4      | Noticed Dowan
  3123 | D:4      | Killed Duvessa
  3127 | D:4      | Killed Dowan
  3230 | D:4      | XOM: 1-stop teleportation journey
  3245 | D:4      | Noticed Edmund
  3250 | D:4      | Edmund changed into Edmund the scorpion
  3250 | D:4      | Noticed Edmund
  3260 | D:4      | XOM: 5-stop teleportation journey
  3391 | D:4      | XOM: silly message
  3398 | D:4      | XOM: polymorph ogre -> ogre
  3404 | D:5      | Entered Level 5 of the Dungeon
  3588 | D:5      | HP: 3/60 [gnoll/+0 halberd (4)]
  3793 | D:4      | Reached XP level 8. HP: 34/67 MP: 12/12
  3912 | D:5      | XOM: silly message
  3915 | D:5      | XOM: 3-stop teleportation journey
  3929 | D:5      | Found a staircase to the Ecumenical Temple.
  4719 | D:6      | XOM: give mutations
  4719 | D:6      | Gained mutation: Your spells are a little easier to cast,
                  | but a little less powerful. [Xom's mischief]
  4719 | D:6      | Gained mutation: You are clumsy. (Dex -2) [Xom's mischief]
  4728 | D:6      | Noticed Pikel
  4843 | D:6      | XOM: summons 1 hostile shadow creature
  4873 | D:6      | Found a stormy altar of Qazlal.
  4939 | D:6      | XOM: polymorph orc -> river rat
  5194 | D:6      | Noticed Blork the orc
  5210 | D:6      | Killed Blork the orc
  5293 | D:6      | Noticed Jeremiah
  5360 | D:6      | Killed Jeremiah
  5361 | D:6      | Reached XP level 9. HP: 53/74 MP: 13/15
  5450 | D:6      | XOM: repel stairs
  5458 | D:6      | Reached skill level 5 in Dodging
  5501 | D:6      | XOM: silly message
  5529 | D:6      | HP: 2/74 [gnoll/+0 spear (9)]
  5529 | D:6      | XOM: smoke on damage
  5538 | D:6      | XOM: noise
  5542 | D:6      | Slain by a gnoll

Illustrated notes

Levels and vault maps discovered:
D:1:      nicolae_arrival_somewhat_less_tricky_arrival, layout_basic,
          shapermc_ecumenical_altar_starsandcircs
D:2:      layout_loops_cross, serial_shops, nicolae_shop_window_shopping
D:3:      layout_rooms, nicolae_yredelemnul_corpse_copse, slow_altar_2,
          kennysheep_vampire_church, kennysheep_potato, uniq_natasha
D:4:      layout_cave_pods, uniq_robin, uniq_duvessa, uniq_edmund
D:5:      layout_gridville, minmay_temple_entry_gardened_gates
D:6:      layout_loops_ring, lemuel_tele_altar, gammafunk_ghost_smash,
          uniq_pikel, uniq_jeremiah, uniq_blork_the_orc

Skill      XL: |  1  2  3  4  5  6  7  8  9 |
---------------+----------------------------+-----
Invocations    | 1 2 3 4 |  4.7
Long Blades    | 1 2 3 4 |  4.2
Axes           | 1 2 3 4 |  4.2
Maces & Flails | 1 2 3 4 |  4.2
Polearms       | 1 2 3 4 |  4.2
Staves         | 1 2 3 4 |  4.2
Ranged Weapons | 1 2 3 4 |  4.2
Throwing       | 1 2 3 4 |  4.2
Stealth        | 1 2 3 4 |  4.2
Shields        | 1 2 3 4 |  4.2
Unarmed Combat | 1 2 3 4 |  4.2
Spellcasting   | 1 2 3 4 |  4.2
Evocations     | 1 2 3 4 |  4.2
Shapeshifting  | 1 2 3 |  3.8
Conjurations   | 1 2 3 |  3.5
Hexes          | 1 2 3 |  3.5
Summonings     | 1 2 3 |  3.5
Necromancy     | 1 2 3 |  3.5
Translocations | 1 2 3 |  3.5
Fire Magic     | 1 2 3 |  3.5
Ice Magic      | 1 2 3 |  3.5
Air Magic      | 1 2 3 |  3.5
Earth Magic    | 1 2 3 |  3.5
Alchemy        | 1 2 3 |  3.5
Dodging        | 3 4 5 |  5.0
Armour         | 5 6 |  6.3
Fighting       | 7 |  7.9
Short Blades   | 7 |  7.9

Action                     |  1- 3 |  4- 6 |  7- 9 || total
---------------------------+-------+-------+-------++-------
  Melee: Short sword       |   146 |   222 |   420 ||   788
         Bite              |    11 |    30 |    52 ||    93
         Punch             |     1 |     3 |       ||     4
         Unarmed           |       |     3 |       ||     3
   Stab: Confused          |     3 |     1 |     2 ||     6
         Sleeping          |     3 |     1 |     4 ||     8
         Petrified         |       |       |     3 ||     3
         Distracted        |       |       |     2 ||     2
         Petrifying        |       |       |     1 ||     1
 Armour: Leather armour    |    60 |   107 |    37 ||   204
         Skin              |       |     4 |       ||     4
         Robe              |       |       |   165 ||   165
  Dodge: Dodged            |   108 |   125 |   178 ||   411
  Block: Buckler           |       |    20 |    70 ||    90
